 Dungeon Crawl Stone Soup version 0.30.1-3-gfc49f6343a (webtiles) character file.

Game seed: 11862852044526983998

84 serozhah the Grasshopper (level 4, 0/38 HPs)
             Began as a Gnoll Warper on July 20, 2023.
             Slain by a gnoll
             ... wielding a +0 club
              (7 damage)
             ... on level 2 of the Dungeon.
             The game lasted 00:09:27 (1388 turns).

serozhah the Grasshopper (Gnoll Warper)             Turns: 1388, Time: 00:09:28

Health: 0/38       AC:  3    Str: 10    XL:     4   Next: 46%
Magic:  8/11       EV:  7    Int: 14    God:
Gold:   51         SH:  0    Dex: 18    Spells: 11/13 levels left

rFire   . .          .
                       - Unarmed
rCold   . . .        (no shield)
rNeg    . . .        a - +0 leather armour
rPois   .            (no helmet)
rElec   .            (no cloak)
rCorr   .            (no gloves)
SInv    .            (no boots)
Will    .....        (no amulet)
Stlth   ++           e - +6 ring of dexterity
HPRegen 0.26/turn    (no ring)
MPRegen 0.12/turn

%: no passive effects
@: on berserk cooldown, attractive, held, slowed, very slow
A: fangs 1, strong nose, distributed training
a: no special abilities


You were on level 2 of the Dungeon.
You visited 1 branch of the dungeon, and saw 2 of its levels.

You collected 51 gold pieces.

Inventory:

Missiles
 c - 7 boomerangs of dispersal (quivered)
Armour
 a - a +0 leather armour (worn)
Jewellery
 e - a +6 ring of dexterity (left hand)
Scrolls
 b - a scroll of blinking
 f - 3 scrolls of identify {unknown}
 g - a scroll of summoning {unknown}
 i - 2 scrolls of noise {unknown}
 k - a scroll of immolation {unknown}
 l - a scroll of enchant weapon {unknown}


   Skills:
 + Level 4.6 Fighting
 + Level 1.2 Short Blades
 + Level 1.2 Long Blades
 + Level 1.2 Axes
 + Level 1.2 Maces & Flails
 + Level 1.2 Polearms
 + Level 1.2 Staves
 + Level 1.2 Ranged Weapons
 + Level 2.8 Throwing
 + Level 2.8 Armour
 + Level 4.6 Dodging
 + Level 1.2 Stealth
 + Level 1.2 Shields
 + Level 4.6 Unarmed Combat
 + Level 5.1 Spellcasting
 + Level 1.0 Conjurations
 + Level 1.0 Hexes
 + Level 1.0 Summonings
 + Level 1.0 Necromancy
 + Level 5.5 Translocations
 + Level 1.0 Transmutations
 + Level 1.0 Fire Magic
 + Level 1.0 Ice Magic
 + Level 1.0 Air Magic
 + Level 1.0 Earth Magic
 + Level 1.0 Poison Magic
 + Level 1.3 Invocations
 + Level 1.2 Evocations


You had 11 spell levels left.
You knew the following spells:

 Your Spells              Type           Power      Damage    Failure   Level
a - Lesser Beckoning      Tloc           36%        N/A       3%          2

Your spell library contained the following spells:

 Spells                   Type           Power      Damage    Failure   Level
 Blink                    Tloc           36%        N/A       3%          2
 Teleport Other           Tloc           18%        N/A       7%          3
 Vhi's Electric Charge    Tloc/Air       24%        N/A       19%         3
 Manifold Assault         Tloc           18%        N/A       24%         4
 Hailstorm                Conj/Ice       6%         3d4       41%         3
 Ice Form                 Ice/Tmut       6%         N/A       83%         4
 Simulacrum               Ice/Necr       3%         N/A       100%        6


Dungeon Overview and Level Annotations

Branches:
Dungeon (2/15)

Altars:


Innate Abilities, Weirdness & Mutations

You have very sharp teeth.
Your uncanny sense of smell can sniff out nearby items.
Your experience applies equally to all skills.


Message History

The gnoll is moderately wounded.
You closely miss the gnoll.
The gnoll is moderately wounded.
The gnoll hits you from afar with a +0 spear.
* * * LOW HITPOINT WARNING * * *
The gnoll barely misses you.
You closely miss the gnoll.
The gnoll is lightly wounded.
You punch the gnoll! You bite the gnoll.
You kill the gnoll!
The gnoll hits you from afar with a +0 spear.
* * * LOW HITPOINT WARNING * * *
The gnoll is attracted toward you. x2
You hit the gnoll. You bite the gnoll.
The gnoll is heavily wounded.
The gnoll closely misses you.
You closely miss the gnoll. Your punch misses the gnoll.
The gnoll is heavily wounded.
You punch the gnoll!
You kill the gnoll!
The gnoll throws a throwing net.
The throwing net hits you.
You become entangled in the net!
The gnoll is attracted toward you.
Your Conjurations skill increases to level 1!
Your Hexes skill increases to level 1!
Your Summonings skill increases to level 1!
Your Necromancy skill increases to level 1!
Your Transmutations skill increases to level 1!
Your Fire Magic skill increases to level 1!
Your Ice Magic skill increases to level 1!
Your Air Magic skill increases to level 1!
Your Earth Magic skill increases to level 1!
Your Poison Magic skill increases to level 1!
You struggle against the net.
The gnoll barely misses you.
You struggle against the net.
You feel a strong urge to attack something.
You struggle against the net.
You are no longer berserk.
You are exhausted.
You feel yourself slow down. The gnoll hits you with a +0 club!
You die...

.... . .... .g #..
##. #..### ....##
#...# ....# #..##
#..######...###
#..§g@...#...#
#...#####...##.###
###. ##.....).# ##
#..###†<# ##.#
#.....#
#.##.......#
#.#.........#
#.#.........#
#.#.........#


You could see a gnoll.

Vanquished Creatures
  Natasha (D:2)
  An adder (D:2)
  2 gnolls (D:2)
  2 ball pythons (D:1)
  3 bats (D:1)
  2 endoplasms
  A giant cockroach (D:1)
  4 goblins
  3 hobgoblins (D:1)
  2 jackals (D:2)
  2 quokkas (D:1)
  A frilled lizard (D:1)
  4 kobolds
  2 rats (D:1)
30 creatures vanquished.

Notes
Turn   | Place    | Note
-------+----------+-------------------------------------------
     0 | D:1      | serozhah the Gnoll Warper began the quest for the Orb.
     0 | D:1      | Reached XP level 1. HP: 20/20 MP: 6/6
   223 | D:1      | Reached XP level 2. HP: 24/26 MP: 7/7
   226 | D:1      | Learned a level 2 spell: Lesser Beckoning
  1215 | D:2      | Reached skill level 5 in Spellcasting
  1215 | D:2      | Reached XP level 3. HP: 31/31 MP: 5/9
  1241 | D:2      | Reached skill level 1 in Invocations
  1368 | D:2      | Noticed Natasha
  1378 | D:2      | Killed Natasha
  1379 | D:2      | Reached skill level 1 in Short Blades
  1379 | D:2      | Reached skill level 1 in Long Blades
  1379 | D:2      | Reached skill level 1 in Axes
  1379 | D:2      | Reached skill level 1 in Maces & Flails
  1379 | D:2      | Reached skill level 1 in Polearms
  1379 | D:2      | Reached skill level 1 in Staves
  1379 | D:2      | Reached skill level 1 in Ranged Weapons
  1379 | D:2      | Reached skill level 1 in Stealth
  1379 | D:2      | Reached skill level 1 in Shields
  1379 | D:2      | Reached skill level 1 in Evocations
  1379 | D:2      | Reached XP level 4. HP: 17/38 MP: 7/11
  1386 | D:2      | Reached skill level 1 in Conjurations
  1386 | D:2      | Reached skill level 1 in Hexes
  1386 | D:2      | Reached skill level 1 in Summonings
  1386 | D:2      | Reached skill level 1 in Necromancy
  1386 | D:2      | Reached skill level 1 in Transmutations
  1386 | D:2      | Reached skill level 1 in Fire Magic
  1386 | D:2      | Reached skill level 1 in Ice Magic
  1386 | D:2      | Reached skill level 1 in Air Magic
  1386 | D:2      | Reached skill level 1 in Earth Magic
  1386 | D:2      | Reached skill level 1 in Poison Magic
  1388 | D:2      | Slain by a gnoll

Illustrated notes

Levels and vault maps discovered:
D:1:      dpeg_arrival_round_a, layout_basic
D:2:      layout_rooms, uniq_natasha

Skill      XL: |  1  2  3  4 |
---------------+-------------+-----
Spellcasting   | 5 |  5.1
Invocations    | 1 |  1.3
Short Blades   | 1 |  1.2
Long Blades    | 1 |  1.2
Axes           | 1 |  1.2
Maces & Flails | 1 |  1.2
Polearms       | 1 |  1.2
Staves         | 1 |  1.2
Ranged Weapons | 1 |  1.2
Stealth        | 1 |  1.2
Shields        | 1 |  1.2
Evocations     | 1 |  1.2
Conjurations   | 1 |  1.0
Hexes          | 1 |  1.0
Summonings     | 1 |  1.0
Necromancy     | 1 |  1.0
Transmutations | 1 |  1.0
Fire Magic     | 1 |  1.0
Ice Magic      | 1 |  1.0
Air Magic      | 1 |  1.0
Earth Magic    | 1 |  1.0
Poison Magic   | 1 |  1.0
Fighting       | |  4.6
Throwing       | |  2.8
Armour         | |  2.8
Dodging        | |  4.6
Unarmed Combat | |  4.6
Translocations | |  5.5

Action                     |  1- 3 |  4- 6 || total
---------------------------+-------+-------++-------
  Melee: Unarmed           |    96 |     7 ||   103
         Bite              |    12 |     3 ||    15
         Punch             |     2 |       ||     2
   Cast: Lesser Beckoning  |     6 |       ||     6
    Use: Potion            |     3 |       ||     3
 Armour: Leather armour    |    19 |       ||    19
  Dodge: Dodged            |    70 |     3 ||    73
